AoeStats
← Jan Itor

Fortress

508959232Analyzed
4v4 RM · 8d ago on Sep 24, 2026· 27m 51s· 8 players
Game mode
Random Map
Map size
Huge
Population
200
Speed
Normal
Resources
Standard
Victory
Conquest
Starting age
Dark Age
Ending age
Imperial Age
RankedLock teamsTeams togetherTeam positionsShared explorationLock speedFull tech treeHidden civsTurbo modeCheats
Victory
Defeat
🇩🇪 Saracens · Germany
1816
+9
🇩🇪 Hindustanis · Germany
1800
+10
🇺🇸 Malay · United States
1741
+12
🇹🇷 Khmer · Türkiye
1703
+12
🇻🇳 Cumans · Vietnam
1662
-11
🇧🇪 Goths · Belgium
1658
-11
🇲🇽 Lithuanians · Mexico
1643
-11
🇩🇪 Shu · Germany
1631
-10
Valle
7:32 Feudal Age
11:11 Castle Age
9:24 Double-Bit Axe
9:39 Horse Collar
12:19 Bow Saw
12:09 Heavy Plow
18:12 Wheelbarrow
19:21 Hand Cart
18:52 Loom
19:53 Gold Mining
19:56 Stone Mining
25:11 Imperial Age
23:31 Gold Shaft Mining
23:35 Scale Barding Armor
24:17 Husbandry
24:28 Bloodlines
24:43 Chain Barding Armor
25:34 Forging
25:47 Ballistics
25:53 Fortified Wall
26:24 Conscription
25:33 Elite Mameluke
27:07 Plate Barding Armor
27:37 Two-Man Saw
27:49 Iron Casting
27:49 Caravan
RiasSei
7:04 Feudal Age
9:52 Castle Age
8:12 Double-Bit Axe
8:49 Horse Collar
10:53 Bow Saw
16:20 Wheelbarrow
16:53 Heavy Plow
18:08 Gold Mining
18:30 Stone Mining
19:14 Hand Cart
20:03 Gold Shaft Mining
24:04 Imperial Age
21:56 Loom
21:56 Town Watch
22:56 Stone Shaft Mining
24:46 Ballistics
24:45 Double Crossbow
25:06 Conscription
26:08 Chemistry
24:30 Capped Ram
24:37 Heavy Scorpion
27:10 Chemistry
26:48 Siege Engineers
Varrus
8:32 Feudal Age
11:31 Castle Age
9:41 Double-Bit Axe
9:50 Gold Mining
9:50 Horse Collar
12:20 Bow Saw
16:43 Wheelbarrow
15:53 Town Watch
16:37 Heavy Plow
18:09 Hand Cart
21:17 Gold Shaft Mining
20:33 Stone Mining
23:46 Imperial Age
22:12 Scale Barding Armor
22:17 Forging
22:22 Stone Mining
22:19 Loom
23:51 Conscription
23:09 Elite Battle Elephant
24:03 Husbandry
Jan Itor
7:25 Feudal Age
8:44 Horse Collar
11:31 Castle Age
9:18 Double-Bit Axe
12:28 Bow Saw
12:24 Heavy Plow
15:29 Wheelbarrow
20:23 Hand Cart
20:06 Gold Mining
21:22 Loom
24:54 Imperial Age
22:47 Scale Barding Armor
23:25 Gold Shaft Mining
23:07 Forging
23:47 Bloodlines
23:38 Stone Mining
24:23 Husbandry
24:44 Chain Barding Armor
25:15 Iron Casting
24:59 Heavy Camel Rider
26:15 Plate Barding Armor
26:04 Conscription
26:11 Caravan
26:37 Imperial Camel Rider
VL Bob
0:30 Loom
5:58 Feudal Age
11:35 Castle Age
9:52 Double-Bit Axe
11:05 Horse Collar
19:00 Wheelbarrow
20:58 Bow Saw
21:37 Hand Cart
22:32 Heavy Plow
26:20 Imperial Age
25:53 Bloodlines
25:44 Husbandry
26:36 Scale Barding Armor
26:42 Forging
27:39 Chain Barding Armor
26:43 Cavalier
28:42 Two-Man Saw
Komi
8:05 Feudal Age
9:03 Double-Bit Axe
8:59 Horse Collar
12:02 Castle Age
13:47 Bow Saw
16:52 Horse Collar
16:59 Loom
18:00 Wheelbarrow
19:49 Gold Mining
21:00 Hand Cart
22:47 Heavy Plow
27:55 Imperial Age
25:32 Scale Mail Armor
25:54 Squires
26:06 Pikeman
28:11 Caravan
DoubleZX
7:07 Feudal Age
10:47 Castle Age
9:00 Double-Bit Axe
9:04 Horse Collar
12:08 Bow Saw
13:08 Wheelbarrow
14:36 Town Watch
19:06 Gold Mining
23:05 Imperial Age
21:30 Ballistics
20:32 Crossbowman
21:54 Gold Shaft Mining
21:58 Fletching
22:09 Padded Archer Armor
22:05 Loom
22:42 Hand Cart
22:14 Loom
22:53 Bodkin Arrow
23:33 Arbalester
24:15 Bracer
26:22 Scale Mail Armor
26:33 Forging
25:44 Pikeman
khungbo
5:48 Feudal Age
6:40 Double-Bit Axe
6:35 Horse Collar
15:39 Castle Age
17:13 Wheelbarrow
17:08 Loom
17:45 Gold Mining
18:20 Bow Saw
18:53 Scale Barding Armor
19:06 Heavy Plow
22:06 Imperial Age
20:32 Chain Barding Armor
20:23 Bloodlines
20:51 Gold Shaft Mining
22:37 Forging
22:50 Cavalier
24:07 Plate Barding Armor
23:54 Conscription
25:34 Iron Casting
25:58 Stone Mining
27:40 Crop Rotation
26:51 Pikeman
Connection lost

Rejoining the realm…

Still unreachable

The connection could not be restored.

Session expired

The server has moved on; the page needs a fresh start.